 Dungeon Crawl Stone Soup version 0.31.0-32-g396128a36d (webtiles) character file.

Game seed: 6977540838364122736

207 Cheops the Ruffian (level 5, -9/33 HPs)
             Began as an Octopode Shapeshifter on Mar 24, 2024.
             Mangled by Crazy Yiuf
             ... wielding a +3 quarterstaff of chaos
              (16 damage)
             ... on level 3 of the Dungeon.
             The game lasted 00:03:14 (2381 turns).

Cheops the Ruffian (Octopode Shapeshifter)          Turns: 2381, Time: 00:03:15

Health: -9/33      AC:  1    Str: 15    XL:     5   Next: 85%
Magic:  2/5        EV: 13    Int: 12    God:
Gold:   91         SH:  0    Dex: 12    Spells: 4/4 levels left

rFire   . .          .
                       - Unarmed
rCold   + . .        (no shield)
rNeg    . . .        (helmet currently unavailable)
rPois   .            (no amulet)
rElec   .            h - ring of protection from cold
rCorr   .            j - ring of see invisible
SInv    +            (no ring)
Will    .....        (no ring)
Stlth   ++           (no ring)
HPRegen 0.25/turn    (no ring)
MPRegen 0.09/turn    (no ring)
                     (no ring)

%: no passive effects
@: confused, beast-form
A: beast (slay +2), almost no armour, amphibious, 8 rings, camouflage 1,
gelatinous body 1, (nimble swimmer 1), tentacles
a: Begin Untransformation


You were on level 3 of the Dungeon.
You were a hulking beast.
You visited 1 branch of the dungeon, and saw 3 of its levels.

You collected 91 gold pieces.

Inventory:

Jewellery
 h - a ring of protection from cold (left tentacle)
 j - a ring of see invisible (right tentacle)
Talismans
 b - a beast talisman
 c - a flux talisman
Scrolls
 d - a scroll of vulnerability {unknown}
 l - 2 scrolls of teleportation {unknown}
 n - 2 scrolls of identify {unknown}
 q - a scroll of enchant armour {unknown}
Potions
 a - 3 potions of lignification
 e - 2 potions of cancellation {unknown}
 f - 2 potions of attraction {unknown}
 g - a potion of might {unknown}
 i - 2 potions of mutation {unknown}
 k - 2 potions of enlightenment {unknown}
 m - a potion of invisibility {unknown}
 o - 2 potions of curing {unknown}
 p - a potion of heal wounds {unknown}


   Skills:
 - Level 1.0 Fighting
 - Level 2.0 Dodging
 - Level 5.0 Unarmed Combat
 + Level 4.6 Shapeshifting


You had 4 spell levels left.
You didn't know any spells.
Your spell library was empty.

Dungeon Overview and Level Annotations

Branches:
Dungeon (3/15)

Altars:

Annotations:
D:3 Crazy Yiuf


Innate Abilities, Weirdness & Mutations

You are a hulking beast.
Your limbs bulge with bestial killing power. (Slay +2)
You cannot wear most types of armour.
You are amphibious.
You can wear up to eight rings at the same time.
Your skin changes colour to match your surroundings (Stealth+).
Your rubbery body absorbs attacks. (AC +1, EV +1)
((You are camouflaged when in or above water. (Stealth+)))
You have tentacles for arms and can constrict up to eight enemies at once.


Message History

An orc is nearby!
No target in view!
No target in view!
No target in view!
No target in view!
You see here a +0 dagger.
Found a runed translucent door.
f - 2 murky amethyst potions (gained 1)
n - 2 scrolls labelled XEGGUA QUDIVO (gained 1)
Found a scroll labelled RAOKHO JOSOH and 6 gold pieces.
You see here a staff of fire.
Found a war axe.
l - 2 scrolls labelled RAOKHO JOSOH (gained 1)
You now have 91 gold pieces (gained 6).
Found a stone staircase leading down.
Found a ring mail.
You see here a +0 ring mail.
Could not explore, unopened runed door.
Could not explore, unopened runed door.
Could not explore, unopened runed door.
You open the door.
You swing at nothing.
You tentacle-slap Crazy Yiuf. You grab Crazy Yiuf.
Crazy Yiuf is lightly wounded.
You constrict Crazy Yiuf, but do no damage.
Crazy Yiuf whimpers, "Whiteboard head arga!"
Crazy Yiuf hits you with a +3 quarterstaff of chaos!
You are confused.
You're too confused to attack without stumbling around!
You're too confused to attack without stumbling around!
You're too confused to attack without stumbling around!
Unknown command.
You bump into the stone wall.
You constrict Crazy Yiuf, but do no damage.
Crazy Yiuf hits you with a +3 quarterstaff of chaos!
* * * LOW HITPOINT WARNING * * *
You feel your power leaking away.
You bump into the tree.
You constrict Crazy Yiuf.
Crazy Yiuf hits you with a +3 quarterstaff of chaos!
You die...

.####......#
##.###.##..##.# #..
### ##...#.# #.##
##.#..##.# ### .P##
##.##.# #.#
#.......###### ...##
#.#### ###
######........ .P..#
#.# #.###.##.
#######.# ♣♣♣♣♣##.#
#.### ......#.# ###
♣♣♣.♣...#.###.# #
#####...#
#...#♣..♣.........##
# ....###.#
#...gh♣♣♣♣.......##
..P##...# #)..#♣♣
♣♣..#.#.# ..#######
### ♣♣####.#
########## #.#####
.........# #.....#
########## ### ###
####.###.# ...## #.#
#.#### #.##.###.#
'#..# #.# #....#
#.##.#P#.# )##.##
#.# ####.#
#.##.###.#


You could see Crazy Yiuf.

Vanquished Creatures
  A jelly (D:3)
  An orc priest (D:3)
  A gnoll (D:3)
  8 adders
  A dart slug (D:2)
  A ribbon worm (D:3)
  3 orcs (D:3)
  5 ball pythons
  7 endoplasms
  8 goblins
  5 hobgoblins
  2 quokkas
  8 bats
  7 frilled lizards
  A kobold (D:1)
  4 rats
63 creatures vanquished.

Notes
Turn   | Place    | Note
-------+----------+-------------------------------------------
     0 | D:1      | Cheops the Octopode Shapeshifter began the quest for the
                  | Orb.
     0 | D:1      | Reached XP level 1. HP: 13/13 MP: 1/1
    91 | D:1      | Reached XP level 2. HP: 18/18 MP: 2/2
   478 | D:2      | Reached skill level 4 in Unarmed Combat
   493 | D:2      | Reached XP level 3. HP: 23/23 MP: 3/3
   803 | D:2      | Reached XP level 4. HP: 23/28 MP: 4/4
   895 | D:2      | Reached skill level 5 in Unarmed Combat
  1534 | D:3      | Reached XP level 5. HP: 25/33 MP: 5/5
  2200 | D:3      | Found a runed translucent door.
  2201 | D:3      | Noticed Crazy Yiuf
  2381 | D:3      | Mangled by Crazy Yiuf

Illustrated notes

Levels and vault maps discovered:
D:1:      lightli_arrival_isolated_outpost, layout_rooms
D:2:      layout_loops_ring, serial_forest, infiniplex_forest_clump_small,
          infiniplex_forest_straight_2, infiniplex_forest_straight_3,
          infiniplex_forest_clump_double, infiniplex_forest_end_double,
          infiniplex_forest_lined_3, infiniplex_forest_lined_ring,
          infiniplex_forest_lined_room_3, amcnicky_mini_pool_small
D:3:      layout_loops_ring, serial_aquarium, aquarium_bridge_long_separate
          [aquarium_subvault_balcony, aquarium_subvault_window,
          aquarium_subvault_bridge, aquarium_subvault_bridge,
          aquarium_subvault_bridge, aquarium_subvault_bridge],
          aquarium_bridge_straight [aquarium_subvault_bridge,
          aquarium_subvault_window, aquarium_subvault_bridge,
          aquarium_subvault_window], aquarium_window_fake, aquarium_window_2,
          aquarium_window_fake, aquarium_window_1, aquarium_view_2a,
          aquarium_view_2b, aquarium_balcony_1a, minmay_divided_ellipse,
          uniq_crazy_yiuf_cottage

Skill      XL: |  1  2  3  4  5 |
---------------+----------------+-----
Unarmed Combat | 4 5 |  5.0
Shapeshifting  | 4 |  4.6
Fighting       | |  1.0
Dodging        | |  2.0

Action                     |  1- 3 |  4- 6 || total
---------------------------+-------+-------++-------
  Melee: Unarmed           |    63 |    62 ||   125
         Tentacles         |    11 |    10 ||    21
         Constrict         |    12 |    12 ||    24
         Punch             |     2 |       ||     2
   Stab: Sleeping          |     7 |     5 ||    12
 Armour: Skin              |    20 |    28 ||    48
  Dodge: Dodged            |    36 |    29 ||    65
